 Dungeon Crawl Stone Soup version 0.31-a0-489-g282fc92437 (console) character file.

Game seed: 6065820537589004627

100 Lexodia the Cudgeller (level 4, 0/44 HPs)
             Began as an Ogre Warper on Aug 8, 2023.
             Slain by a hound (4 damage)
             ... on level 4 of the Dungeon.
             The game lasted 00:04:27 (2393 turns).

Lexodia the Cudgeller (Ogre Warper)                 Turns: 2393, Time: 00:04:27

Health: 0/44       AC:  3    Str: 15    XL:     4   Next: 73%
Magic:  2/7        EV:  9    Int: 16    God:
Gold:   108        SH:  0    Dex:  8    Spells: 2/7 levels left

rFire   + . .        a - +0 mace
rCold   + . .        (no shield)
rNeg    . . .        b - +0 robe
rPois   +            (helmet restricted)
rElec   +            (no cloak)
rCorr   +            (gloves unavailable)
SInv    .            (boots unavailable)
Will    .....        i - amulet of faith
Stlth   +            (no ring)
HPRegen 0.27/turn    (no ring)
MPRegen 0.10/turn

%: faith
@: resistant
A: large, unfitting armour, tough skin 1
a: no special abilities


You were on level 4 of the Dungeon.
You visited 1 branch of the dungeon, and saw 4 of its levels.

You collected 108 gold pieces.

Inventory:

Hand Weapons
 a - a +0 mace (weapon)
Missiles
 d - 5 darts of dispersal (quivered)
Armour
 b - a +0 robe (worn)
Jewellery
 i - an amulet of faith (around neck)
Scrolls
 c - 3 scrolls of blinking
 e - 2 scrolls of fog {unknown}
 g - a scroll of teleportation {unknown}
 h - 2 scrolls of revelation {unknown}
 k - a scroll of identify {unknown}
 m - a scroll of vulnerability {unknown}
 n - a scroll of summoning {unknown}
 p - a scroll of amnesia {unknown}
 r - 3 scrolls of enchant armour {unknown}
Potions
 f - 3 potions of mutation {unknown}
 q - a potion of curing {unknown}


   Skills:
 + Level 2.7 Fighting
 + Level 4.0 Maces & Flails
 - Level 1.0 Throwing
 - Level 2.1 Dodging
 - Level 2.4 Spellcasting
 + Level 2.9 Translocations
 + Level 0.8 Air Magic


You had 2 spell levels left.
You knew the following spells:

 Your Spells              Type           Power      Damage    Failure   Level
a - Blink                 Tloc           22%        N/A       9%          2
b - Vhi's Electric Charg  Tloc/Air       16%        N/A       26%         3

Your spell library contained the following spells:

 Spells                   Type           Power      Damage    Failure   Level
 Lesser Beckoning         Tloc           22%        N/A       9%          2
 Teleport Other           Tloc           11%        N/A       19%         3
 Manifold Assault         Tloc           11%        N/A       52%         4


Dungeon Overview and Level Annotations

Branches:
Dungeon (4/15)
 Temple: D:4-7

Altars:

Annotations:
D:3 Grinder


Innate Abilities, Weirdness & Mutations

You are too large for most types of armour.
You have tough skin. (AC +1)


Message History

* * * LOW HITPOINT WARNING * * *
Huge Dmg: -9%(-4hp) hp: 10%(4hp) Cast which spell? (? or * to list)
You can't charge at the hound because you're already next to there.
Casting: Vhi's Electric Charge (quite dangerous; 26% risk of failure)
Confirm with . or Enter, or press ? or * to list all spells.
You blink.
Throw: 6 darts (disperse)
Press: ? - help, Q - select action, (/) - cycle Shift-Dir - straight line, f/p - hound
Aim: a hound (translocational energy, heavily wounded, 35% to hit)
You throw a dart of dispersal. The dart of dispersal hits the hound.
The hound blinks!
The hound is heavily wounded.
Casting: Blink (safe; 9% risk of failure)
Confirm with . or Enter, or press ? or * to list all spells.
You can't see any susceptible monsters within range! (Use Z to cast anyway.)
Casting: Blink (safe; 9% risk of failure)
Confirm with . or Enter, or press ? or * to list all spells.
The spell is quite dangerous to miscast (26% risk of failure)!
Continue anyway?
Charge where?
Press: ? - help, Dir - move target, f/p - hound
Aim: a hound (translocational energy, heavily wounded, 67% to hit)
You charge forward with an electric crackle!
You hit the hound and electrocute it.
The hound is heavily wounded.
The hound bites you.
* * * LOW HITPOINT WARNING * * *
The hound closely misses you.
Huge Dmg: -5%(-2hp) hp: 7%(3hp)
You hit the hound but do no damage.
The hound is heavily wounded.
You feel stable enough to blink again. The hound bites you but does no damage.
The hound closely misses you.
You hit the hound.
The hound is severely wounded.
The hound bites you but does no damage.
You barely miss the hound.
The hound is severely wounded.
The hound bites you.
You die...

..#######..###
#......##.## #....#
##.### #..#####
#.########......#
........#......#
#######...........#
.......h@ยง........#
######............#
#............#
##.........###
##...#...##
#########


You could see a hound.

Vanquished Creatures
  An adder (D:2)
  2 gnolls (D:3)
  2 worms (D:2)
  A dart slug (D:1)
  An orc (D:3)
  7 ball pythons
  2 bats
  6 endoplasms
  3 giant cockroaches
  8 goblins
  9 hobgoblins
  4 quokkas
  3 frilled lizards
  6 kobolds
  A rat (D:1)
56 creatures vanquished.

Notes
Turn   | Place    | Note
-------+----------+-------------------------------------------
     0 | D:1      | Lexodia the Ogre Warper began the quest for the Orb.
     0 | D:1      | Reached XP level 1. HP: 22/22 MP: 3/3
    38 | D:1      | Huge Dmg: 4 dmg
    59 | D:1      | Reached skill level 2 in Maces & Flails
   112 | D:1      | Huge Dmg: 9 dmg
   114 | D:1      | Huge Dmg: 3 dmg
   116 | D:1      | Huge Dmg: 2 dmg
   252 | D:1      | Reached XP level 2. HP: 24/29 MP: 5/5
   255 | D:1      | Learned a level 2 spell: Blink
   608 | D:1      | Reached skill level 3 in Maces & Flails
   630 | D:1      | Reached XP level 3. HP: 34/36 MP: 6/6
  1061 | D:2      | Huge Dmg: 8 dmg
  1486 | D:2      | Reached XP level 4. HP: 44/44 MP: 7/7
  1503 | D:2      | Learned a level 3 spell: Vhi's Electric Charge
  1534 | D:2      | Huge Dmg: 9 dmg
  1702 | D:3      | Noticed Grinder
  1818 | D:3      | Huge Dmg: 10 dmg
  1821 | D:3      | Huge Dmg: 11 dmg
  1823 | D:3      | Huge Dmg: 10 dmg
  1839 | D:2      | Huge Dmg: 5 dmg
  2156 | D:3      | Reached skill level 4 in Maces & Flails
  2183 | D:3      | Noticed a gnoll sergeant
  2197 | D:3      | Huge Dmg: 13 dmg
  2199 | D:3      | Huge Dmg: 19 dmg
  2205 | D:3      | Huge Dmg: 2 dmg
  2220 | D:3      | Huge Dmg: 7 dmg
  2223 | D:4      | Huge Dmg: 9 dmg
  2371 | D:4      | Huge Dmg: 5 dmg
  2372 | D:4      | Huge Dmg: 3 dmg
  2374 | D:4      | Huge Dmg: 3 dmg
  2378 | D:4      | Huge Dmg: 5 dmg
  2384 | D:4      | Huge Dmg: 3 dmg
  2385 | D:4      | Huge Dmg: 3 dmg
  2387 | D:4      | Huge Dmg: 4 dmg
  2391 | D:4      | Huge Dmg: 2 dmg
  2393 | D:4      | Slain by a hound

Illustrated notes

Levels and vault maps discovered:
D:1:      amcnicky_arrival_choice, layout_basic,
          corexii_item_surrounded_by_moat, kennysheep_flooded_box
D:2:      layout_rooms, hangedman_decor_points, nicolae_wormholes
D:3:      layout_rooms, uniq_grinder
D:4:      layout_rooms, mainiacjoe_overflow_small_starburst, vehumet_crystals,
          serial_shops, shop_statue, uniq_edmund, uniq_duvessa, uniq_sigmund

Skill      XL: |  1  2  3  4 |
---------------+-------------+-----
Maces & Flails | 2 3 4 |  4.0
Fighting       | |  2.7
Throwing       | |  1.0
Dodging        | |  2.1
Spellcasting   | |  2.4
Translocations | |  2.9
Air Magic      | |  0.8

Action                     |  1- 3 |  4- 6 || total
---------------------------+-------+-------++-------
  Melee: Mace              |   150 |    90 ||   240
         Punch             |     1 |     1 ||     2
  Throw: Dart              |       |     2 ||     2
   Cast: Blink             |       |     1 ||     1
         Vhi's Electric Ch |       |     1 ||     1
    Use: Potion            |       |     5 ||     5
 Armour: Robe              |    75 |    29 ||   104
  Dodge: Dodged            |    94 |    65 ||   159

Table legend: (Time is in decaauts)
 A = Elapsed time spent in this place.
 B = Non-inter-level travel time spent in this place.
 C = Inter-level travel time spent in this place.
 D = Time resting spent in this place.
 E = Time spent auto-exploring this place.
 F = Levels seen in this place.
 G = Mean time per level.
                   A        B        C        D        E       F      G
               +--------+--------+--------+--------+--------+-----+--------+
         Total |   2449 |   2366 |     83 |    322 |   1452 |   4 |  612.2 |
       Dungeon |   2449 |   2366 |     83 |    322 |   1452 |   4 |  612.2 |
               +--------+--------+--------+--------+--------+-----+--------+

Top non-repeatable levels by time:
     D:1: 1055 daAuts
     D:2: 884 daAuts
     D:3: 333 daAuts
     D:4: 176 daAuts
